 Dungeon Crawl Stone Soup version 0.30.1-9-gdf580d7c3d (webtiles) character file.

Game seed: 12827907363924909068

40325 Dillybarz the Severer (level 13, -6/119 HPs)
             Began as a Minotaur Fighter on Oct 6, 2023.
             Was a High Priest of Okawaru.
             Mangled by a freezing wraith (11 damage)
             ... on level 5 of the Lair of Beasts on Oct 9, 2023.
             The game lasted 00:50:06 (13912 turns).

Dillybarz the Severer (Minotaur Fighter)           Turns: 13912, Time: 00:50:06

Health: -6/119     AC: 27    Str: 30    XL:     13   Next: 74%
Magic:  15/15      EV: 10    Int:  5    God:    Okawaru [*****.]
Gold:   713        SH: 13    Dex:  9    Spells: 12/12 levels left

rFire   . . .        a - +2 war axe (vamp)
rCold   . . .        c - +0 buckler
rNeg    . . .        y - +0 plate armour
rPois   +            (helmet restricted)
rElec   .            I - +1 cloak
rCorr   .            T - +1 pair of gloves {Str+3}
SInv    +            P - +2 pair of boots {rampage}
Will    ++...        M - amulet of reflection Stlth
                     t - ring of willpower
HPRegen 0.39/turn    z - ring of Departure {Fly rPois Will+ SInv}
MPRegen 0.14/turn

%: reflection, rampage
@: heroic, flying
A: horns 2, retaliatory headbutt
a: Renounce Religion, Heroism, Finesse, Duel


You were on level 5 of the Lair of Beasts.
You worshipped Okawaru.
Okawaru was extremely pleased with you.
You visited 3 branches of the dungeon, and saw 16 of its levels.

You collected 713 gold pieces.

Inventory:

Hand Weapons
 a - a +2 vampiric war axe (weapon)
 F - a +0 broad axe
Missiles
 b - 126 stones
 k - 4 boomerangs
 m - 37 poisoned darts (quivered)
 x - 6 curare-tipped darts
 G - 3 throwing nets
 O - 3 javelins
Armour
 c - a +0 buckler (worn)
 y - a +0 plate armour (worn)
 H - a +0 tower shield of protection
 I - a +1 cloak (worn)
 P - a +2 pair of boots of rampaging (worn)
 T - a +1 pair of gloves of strength (worn)
Jewellery
 e - a ring of protection from fire
 l - a ring of ice
 t - a ring of willpower (left hand)
 z - the ring of Departure (right hand) {Fly rPois Will+ SInv}
   (You took it off an orc wizard on level 7 of the Dungeon)

   [ring of poison resistance]

   rPois:     It protects you from poison.
   SInv:      It lets you see invisible.
   Fly:       It grants you flight.
   Will:      It increases your willpower.
 K - a ring of willpower
 M - an amulet of reflection (around neck)
 R - a ring of protection from fire
Wands
 C - a wand of quicksilver (22)
 J - a wand of mindburst (9)
 L - a wand of roots (5)
Scrolls
 o - 4 scrolls of immolation
 r - 5 scrolls of identify
 A - 6 scrolls of teleportation
 D - a scroll of blinking
 Q - a scroll of magic mapping
 S - a scroll of fog
Potions
 d - 3 potions of might
 f - 4 potions of brilliance
 i - a potion of mutation
 j - 3 potions of cancellation
 n - 4 potions of haste
 p - 10 potions of curing
 q - 2 potions of degeneration
 s - 4 potions of resistance
 u - a potion of invisibility
 v - 5 potions of lignification
 w - 2 potions of heal wounds
 E - a potion of berserk rage


   Skills:
 + Level 12.8(17.8) Fighting
 * Level 17.2(22.2) Axes
 - Level 5.0(10.0) Throwing
 + Level 12.8(17.8) Armour
 + Level 12.8(17.8) Shields
 + Level 5.2 Invocations


You had 12 spell levels left.
You didn't know any spells.
Your spell library contained the following spells:

 Spells                   Type           Power      Damage    Failure   Level
 Anguish                  Hex/Necr       0%         N/A       100%        4
 Cause Fear               Hex            0%         N/A       100%        4
 Enfeeble                 Hex            0%         N/A       100%        7


Dungeon Overview and Level Annotations

Branches:
Dungeon (10/15)            Temple (1/1) D:6            Lair (5/5) D:10
  Swamp (0/4) Lair:2       Spider (0/4) Lair:3        Slime (0/5) Lair:4
    Orc: D:9-12

Altars:
Ashenzari
Cheibriados
Dithmenos
Elyvilon
Fedhas
Gozag
Hepliaklqana
Kikubaaqudgha
Makhleb
Nemelex Xobeh
Okawaru
Qazlal
Ru
Sif Muna
Trog
Uskayaw
Vehumet
Wu Jian
Xom
Yredelemnul
Zin
The Shining One
Jiyva

Shops:
D:2 (   D:5 :

Annotations:
Lair:1 3 runed translucent doors, avis's ghost, journeyman VSTm
Lair:5 exclusion: ice statue


Innate Abilities, Weirdness & Mutations

You have a pair of horns on your head.
You reflexively headbutt those who attack you in melee.


Message History

The ice beast is severely wounded.
You hit the freezing wraith. You slash the ice beast!
The freezing wraith closely misses you. The freezing wraith hits you!
* * * LOW HITPOINT WARNING * * *
The freezing wraith drains your vigour!
You feel yourself slow down. You block the ice beast's attack.
Unknown command.
Okay, then.
Blink to where?
Press: ? - help, Dir - move target
As you read the scroll of blinking, it crumbles to dust.
You feel yourself speed up.
The ice beast hits you but does no damage.
The freezing wraith hits you but does no damage.
You block the freezing wraith's attack.
The ice beast hits you but does no damage.
The ice beast attacks as you move away!
The ice beast hits you but does no damage.
You block the freezing wraith's attack. The freezing wraith barely misses you.
A komodo dragon comes into view.
The komodo dragon hisses angrily.
The freezing wraith attacks as you move away!
The freezing wraith closely misses you. The freezing wraith hits you!
* * * LOW HITPOINT WARNING * * *
Found a plate armour.
An ice beast comes into view.
You rampage towards the komodo dragon!
The komodo dragon bites you but does no damage.
The komodo dragon attacks as you move away!
You block the komodo dragon's attack.
The freezing wraith attacks as you move away!
You block the freezing wraith's attack. x2
The freezing wraith attacks as you move away!
The freezing wraith closely misses you.
The freezing wraith completely misses you.
The freezing wraith attacks as you move away!
The freezing wraith hits you.
* * * LOW HITPOINT WARNING * * *
The freezing wraith freezes you!
You die...

.........................†.......
....[............................
.................................
P#..##..#.#.....##.P.P.#.#......#
###.###.##..P....#.#########..##.
### ######.....##. ######
#.#....#### #.......# #....@PP#
##P.lW.## #P....Y## ##..Y...#
#######....# #####≈##....Y..##
##.##≈##.P.#.....##
#.⌠.≈≈~..........~~≈.
#..~.≈≈.........[~≈≈~


You could see a komodo dragon, a freezing wraith and 3 ice beasts.

Vanquished Creatures
  2 hydras
  Harold (D:10)
  Erica (D:10)
  A catoblepas (Lair:5)
  2 boulder beetles (Lair:2)
  A two-headed ogre (D:10)
  13 death yaks
  A skyshark (Lair:4)
  Amaemon (Lair:3)
  An orange crystal statue (Lair:3)
  6 elephants (Lair:4)
  2 torpor snails
  3 black mambas
  A gargoyle (D:10)
  Maggie (D:8)
  A kobold demonologist (D:9)
  An orange demon (Lair:3)
  7 cane toads
  4 rime drakes
  4 komodo dragons
  2 trolls (D:9)
  2 polar bears
  2 tyrant leeches (Lair:2)
  Prince Ribbit (D:7)
  2 dream sheep (Lair:4)
  15 blink frogs
  2 culicivoras (Lair:3)
  6 wyverns
  39 yaks
  A centaur simulacrum (D:10)
  2 basilisks
  Eustachio (D:5)
  A steam dragon (D:9)
  An acid dragon (D:9)
  11 water moccasins
  5 ice beasts
  2 sky beasts
  3 black bears
  5 ogres
  12 wolves
  4 kobold brigands
  16 bullfrogs
  Blork the orc (D:5)
  2 scorpions (D:5)
  3 howler monkeys
  3 lava snakes (Lair:3)
  2 jellies (D:6)
  8 hounds
  2 orc priests
  A sleepcap (D:6)
  A gnoll bouda (D:6)
  2 iguanas (D:6)
  3 orc wizards
  9 gnolls
  11 adders
  A shadow imp (D:7)
  3 white imps
  A dart slug (D:2)
  4 worms
  19 orcs
  10 ball pythons
  6 bats
  7 endoplasms
  4 giant cockroaches
  8 goblins
  6 hobgoblins
  8 jackals
  29 kobolds
  2 quokkas
  3 frilled lizards
  5 rats
353 creatures vanquished.

Vanquished Creatures (others)
  A kobold (D:8)
1 creature vanquished.

Grand Total: 354 creatures vanquished

Notes
Turn   | Place    | Note
-------+----------+-------------------------------------------
     0 | D:1      | Dillybarz the Minotaur Fighter began the quest for the Orb.
     0 | D:1      | Reached XP level 1. HP: 19/19 MP: 0/0
   101 | D:1      | Reached XP level 2. HP: 27/27 MP: 1/1
   198 | D:1      | Reached skill level 3 in Axes
   478 | D:1      | Reached XP level 3. HP: 33/33 MP: 2/2
  1070 | D:2      | Found a sacrificial altar of Ru.
  1141 | D:2      | Found Xuffaeso's Weapon Emporium.
  1286 | D:2      | Reached XP level 4. HP: 26/40 MP: 0/3
  1295 | D:2      | Reached skill level 4 in Axes
  1715 | D:3      | Found an ornate altar of the Wu Jian Council.
  2357 | D:3      | Reached XP level 5. HP: 47/47 MP: 4/4
  2403 | D:3      | Found a snail-covered altar of Cheibriados.
  3173 | D:4      | Noticed a black bear
  3179 | D:4      | Killed a black bear
  3180 | D:4      | Reached skill level 5 in Axes
  3180 | D:4      | Reached XP level 6. HP: 39/55 MP: 5/5
  3339 | D:4      | Reached skill level 5 in Fighting
  3341 | D:4      | Reached skill level 5 in Shields
  3387 | D:4      | You fall into a shaft and drop 2 floors!
  3393 | D:6      | Noticed a water moccasin
  3409 | D:6      | Killed a water moccasin
  3410 | D:6      | Reached skill level 5 in Armour
  3495 | D:6      | Reached skill level 6 in Axes
  3496 | D:6      | Reached XP level 7. HP: 61/61 MP: 6/6
  3544 | D:5      | Entered Level 5 of the Dungeon
  3629 | D:4      | Identified the +0 pair of boots of Wu Jian {*Slow rC+++
                  | Int+4}
  3679 | D:4      | Reached skill level 7 in Axes
  4304 | D:5      | Reached XP level 8. HP: 57/70 MP: 7/7
  4369 | D:5      | Found Wausavimp's Tiny Tomes.
  4396 | D:5      | Found a shimmering altar of Xom.
  4606 | D:5      | Noticed Blork the orc
  4622 | D:5      | Killed Blork the orc
  4623 | D:5      | Reached skill level 8 in Axes
  4749 | D:5      | Noticed Eustachio
  4767 | D:5      | Killed Eustachio
  5023 | D:6      | Found an iron altar of Okawaru.
  5071 | D:6      | Reached skill level 9 in Axes
  5086 | D:6      | Became a worshipper of Warmaster Okawaru
  5122 | D:6      | Found a staircase to the Ecumenical Temple.
  5137 | Temple   | Entered the Ecumenical Temple
  5560 | D:6      | Reached XP level 9. HP: 79/79 MP: 8/8
  5791 | D:6      | Found a glowing golden altar of the Shining One.
  5863 | D:7      | Found a stormy altar of Qazlal.
  5864 | D:7      | Noticed Prince Ribbit
  5893 | D:7      | Killed Prince Ribbit
  6001 | D:7      | Identified the ring "Vevocva" {Will+ SInv}
  6016 | D:7      | Reached * piety under Okawaru
  6027 | D:7      | Reached skill level 10 in Axes
  6145 | D:7      | Identified the ring of Departure {Fly rPois Will+ SInv}
  6585 | D:8      | Found an opulent altar of Gozag.
  6632 | D:8      | Noticed Maggie
  6870 | D:8      | Found a bloodstained altar of Trog.
  6935 | D:8      | Killed Maggie
  6935 | D:8      | Reached ** piety under Okawaru
  7214 | D:9      | Reached skill level 11 in Axes
  7214 | D:9      | Reached skill level 1 in Invocations
  7219 | D:9      | Reached XP level 10. HP: 83/90 MP: 8/10
  7410 | D:9      | Reached *** piety under Okawaru
  7554 | D:9      | Reached skill level 12 in Axes
  7573 | D:9      | Reached **** piety under Okawaru
  7634 | D:9      | Found a glowing silver altar of Zin.
  7639 | D:9      | Found a broken altar of Ashenzari.
  7801 | D:9      | Identified the +0 robe of Cynicism {+Blink Regen+ Slay+3}
  8061 | D:10     | Entered Level 10 of the Dungeon
  8062 | D:10     | Noticed Erica
  8077 | D:10     | Killed Erica
  8190 | D:10     | Noticed a gargoyle
  8201 | D:10     | Killed a gargoyle
  8308 | D:10     | Found a staircase to the Lair.
  8329 | D:10     | Noticed a two-headed ogre
  8338 | D:10     | Killed a two-headed ogre
  8339 | D:10     | Reached XP level 11. HP: 82/99 MP: 9/13
  8408 | D:10     | Noticed Harold
  8418 | D:10     | Killed Harold
  8487 | D:10     | Noticed a four-headed hydra
  8487 | D:10     | Noticed an ogre mage
  8488 | D:10     | Noticed a four-headed hydra
  8518 | Lair:1   | Entered Level 1 of the Lair of Beasts
  8926 | Lair:1   | Reached skill level 13 in Axes
  8927 | Lair:1   | Received a gift from Okawaru
  8959 | Lair:1   | Reached skill level 10 in Shields
  9101 | Lair:1   | Reached skill level 10 in Fighting
  9426 | Lair:1   | Found a runed translucent gate.
  9427 | Lair:1   | Found a runed translucent gate.
  9427 | Lair:1   | Found a runed translucent gate.
  9430 | Lair:1   | Noticed avis's ghost (journeyman VSTm)
  9468 | Lair:2   | Reached skill level 10 in Armour
  9689 | Lair:2   | Reached ***** piety under Okawaru
  9828 | Lair:2   | Identified the +3 sling "Sarcophage" {speed, rN+}
  9868 | Lair:2   | Found a staircase to the Swamp.
  9917 | Lair:2   | Reached skill level 5 in Invocations
  9987 | Lair:2   | Noticed a boulder beetle
  9994 | Lair:2   | Killed a boulder beetle
  9994 | Lair:2   | Received a gift from Okawaru
  9995 | Lair:2   | Reached skill level 14 in Axes
 10188 | Lair:2   | Noticed a boulder beetle
 10203 | Lair:2   | Killed a boulder beetle
 10204 | Lair:2   | Reached XP level 12. HP: 83/108 MP: 12/14
 10397 | Lair:2   | Reached skill level 1 in Throwing
 10470 | Lair:2   | Received a gift from Okawaru
 10476 | Lair:2   | Noticed a death yak
 10483 | Lair:2   | Noticed a death yak
 10485 | Lair:2   | Noticed a death yak
 10499 | Lair:2   | Killed a death yak
 10507 | Lair:2   | Killed a death yak
 10516 | Lair:2   | Killed a death yak
 10615 | Lair:2   | Reached skill level 15 in Axes
 11150 | Lair:3   | Received a gift from Okawaru
 11183 | Lair:3   | Noticed Amaemon
 11204 | Lair:3   | Killed Amaemon
 11436 | Lair:3   | Found a hole to the Spider Nest.
 11541 | Lair:3   | Received a gift from Okawaru
 11747 | Lair:3   | Noticed a six-headed hydra
 12143 | Lair:3   | Noticed a six-headed hydra
 12158 | Lair:3   | Killed a 15-headed hydra
 12762 | Lair:4   | Noticed a seven-headed hydra
 12783 | Lair:4   | Killed a 14-headed hydra
 12784 | Lair:4   | Reached XP level 13. HP: 75/117 MP: 13/15
 12787 | Lair:4   | Reached skill level 16 in Axes
 13188 | Lair:4   | Received a gift from Okawaru
 13204 | Lair:4   | Reached skill level 5 in Throwing
 13209 | Lair:4   | Received a gift from Okawaru
 13239 | Lair:4   | Found a viscous altar of Jiyva.
 13247 | Lair:4   | Found a staircase to the Slime Pits.
 13594 | Lair:5   | Entered Level 5 of the Lair of Beasts
 13674 | Lair:5   | Reached skill level 17 in Axes
 13760 | Lair:5   | Identified the +3 chain mail "Pairob" {Int+3}
 13903 | Lair:5   | HP: 5/119 [freezing wraith (8)]
 13912 | Lair:5   | HP: 5/119 [freezing wraith (4)]
 13912 | Lair:5   | Mangled by a freezing wraith

Illustrated notes

Levels and vault maps discovered:
D:1:      giann_wishing_wells, layout_loops_ring, minivault_19,
          minmay_misc_feat_tiny
D:2:      layout_loops_ring, basic_altar, serial_shops, shop,
          kennysheep_crisscross
D:3:      layout_basic, mainiacjoe_overflow_alcove_4, cheibriados_altar_1
D:4:      layout_basic
D:5:      layout_cave_pools, mainiacjoe_overflow_24_doors, minmay_holes,
          nicolae_shop_i_like_small_books_too, minmay_crossroads,
          uniq_eustachio, uniq_blork_the_orc
D:6:      layout_rooms, tso_oasis_becter, mainiacjoe_overflow_tiny_flanked,
          minmay_temple_entry_glass, minivault_23
D:7:      layout_loops_ring, nicolae_qazlal_general_emergency,
          uniq_prince_ribbit1
D:8:      layout_rooms, general_overflow_altar, lemuel_tele_altar, uniq_maggie
D:9:      layout_roguey, minitemple, minmay_misc_feat_diagonals
D:10:     minmay_the_grid_four_pointed_star
          [minmay_the_grid_triangle_9x9_swiss_cheese,
          minmay_the_grid_triangle_9x9_dagger,
          minmay_the_grid_triangle_9x9_alien,
          minmay_the_grid_triangle_9x9_minimal, minmay_the_grid_prize_big_room],
          layout_long_grid, orc_0_dummy, nicolae_water_bricks, uniq_erica,
          uniq_harold
Temple:   minmay_temple_forest_path
Lair:1:   layout_gridlike, gammafunk_ghost_necromancy
Lair:2:   nzn_winding_woodlands_stair_cross
          [nzn_winding_woodlands_5x15_sidewinder,
          nzn_winding_woodlands_center_diamonds,
          nzn_winding_woodlands_5x15_twine, nzn_winding_woodlands_5x5_perimeter,
          nzn_winding_woodlands_5x5_closed_star,
          nzn_winding_woodlands_5x15_jagged, nzn_winding_woodlands_center_lodge,
          nzn_winding_woodlands_5x15_zeroes], layout_regular_city,
          minmay_swamp_entry_worms
Lair:3:   layout_roguey, hellmonk_spider_entry_life_and_decay, disabler_island,
          grunt_megastairs_2, lemuel_fruit_tree, uniq_amaemon
Lair:4:   layout_misc_corridors, dpeg_slime_entry_corner,
          chequers_serial_rivers_small_b
Lair:5:   minmay_lair_end_enchanted_forest, layout_hall_layers, ice2_lemuel,
          lemuel_fruit_fields

Skill      XL: |  1  2  3  4  5  6  7  8  9 10 11 12 13 |
---------------+----------------------------------------+-----
Axes           | 3 4 5 6 7 9 11 12 14 15 17 | 17.2
Fighting       | 4 5 6 7 8 9 10 11 12 | 12.8
Armour         | 4 5 6 7 8 9 10 12 | 12.8
Shields        | 4 5 6 7 8 9 10 11 12 | 12.8
Invocations    | 1 4 5 |  5.2
Throwing       | 4 5 |  5.0

Action                     |  1- 3 |  4- 6 |  7- 9 | 10-12 | 13-15 || total
---------------------------+-------+-------+-------+-------+-------++-------
  Melee: War axe           |    98 |   112 |   253 |   576 |   259 ||  1298
         Headbutt          |    10 |    18 |    56 |   119 |    83 ||   286
  Throw: Dart              |       |       |     6 |    17 |     3 ||    26
 Invoke: Heroism           |       |       |       |     9 |     4 ||    13
    Use: Scroll            |       |     9 |    11 |     7 |     1 ||    28
 Armour: Scale mail        |    44 |       |       |       |       ||    44
         Chain mail        |     9 |    71 |    35 |       |       ||   115
         Plate armour      |       |       |    91 |   346 |    94 ||   531
  Dodge: Dodged            |    53 |    51 |    79 |   194 |    52 ||   429
  Block: Buckler           |    39 |    22 |    53 |   212 |   109 ||   435
         Reflection        |       |       |       |     3 |       ||     3
